Construct Section Command Post
Selects Heavy Armor Battlegroup
Construct Platoon Command Post
Selects Rigorous Vehicle Training
6-pounder Anti-tank Gun Team
Selects Forward Repair Assembly
Selects Light Vehicle Withdraw and Refit
Selects Designate Targets
Construct Company Command Post
Light Vehicle Withdraw and Refit
Selects Forward Repair Assembly
Selects Churchill Black Prince Heavy Tank
Churchill Black Prince Heavy Tank